 Dungeon Crawl Stone Soup version 0.23.2-1-ga50397a6bc (webtiles) character file.

Game seed: 1074872604728761134

55 MisterOstroum the Skirmisher (level 3, -3/35 HPs)
             Began as a Gnoll Abyssal Knight on May 18, 2019.
             Was a Follower of Lugonu.
             Slain by an ice beast (7 damage)
             ... on level 2 of the Dungeon.
             The game lasted 00:10:29 (1635 turns).

MisterOstroum the Skirmisher (Gnoll Abyssal Knight) Turns: 1635, Time: 00:10:30

Health: -3/35      AC:  3    Str: 15    XL:     3   Next: 93%
Magic:  6/6        EV: 12    Int: 14    God:    Lugonu [*.....]
Gold:   194        SH:  2    Dex: 14    Spells: 4/4 levels left

rFire    . . .     SeeInvis .   a - +1 mace
rCold    . . .     Gourm    .   (no shield)
rNeg     . . .     Faith    .   b - +0 leather armour
rPois    .         Spirit   .   (no helmet)
rElec    .         Reflect  +   (no cloak)
rCorr    .         Harm     .   (no gloves)
MR       .....                  (no boots)
Stlth    +.........             r - +2 amulet of reflection
HPRegen  0.11/turn              (no ring)
MPRegen  0.10/turn              (no ring)

@: no status effects
A: distributed training, fangs 1, strong nose
a: Depart the Abyss, Renounce Religion


You were on level 2 of the Dungeon.
You worshipped Lugonu.
Lugonu was aware of your devotion.
You were not hungry.

You visited 1 branch of the dungeon, and saw 2 of its levels.
You visited the Abyss 1 time.

You collected 194 gold pieces.

Inventory:

Hand Weapons
 a - a +1 mace (weapon)
 q - a +2 short sword of draining
Missiles
 j - 34 stones (quivered)
Armour
 b - a +0 leather armour (worn)
Jewellery
 r - a +2 amulet of reflection (around neck)
Scrolls
 h - a scroll of enchant weapon {unknown}
 i - a scroll of amnesia {unknown}
 l - a scroll of teleportation {unknown}
 n - a scroll of enchant armour {unknown}
 o - 3 scrolls of identify {unknown}
Potions
 c - a potion of curing {unknown}
 d - a potion of lignification {unknown}
 f - a potion of ambrosia {unknown}
 g - a potion of degeneration {unknown}
 m - a potion of heal wounds {unknown}
 p - a potion of might {unknown}
Comestibles
 e - 6 rations


   Skills:
 + Level 6.5 Fighting
 + Level 1.0 Short Blades
 + Level 1.0 Long Blades
 + Level 1.0 Axes
 + Level 4.6 Maces & Flails
 + Level 1.0 Polearms
 + Level 1.0 Staves
 + Level 1.0 Slings
 + Level 1.0 Bows
 + Level 1.0 Crossbows
 + Level 1.0 Throwing
 + Level 4.6 Armour
 + Level 2.6 Dodging
 + Level 1.0 Stealth
 + Level 1.0 Shields
 + Level 1.0 Unarmed Combat
 + Level 1.0 Spellcasting
 + Level 0.7 Conjurations
 + Level 0.7 Hexes
 + Level 0.7 Charms
 + Level 0.7 Summonings
 + Level 0.7 Necromancy
 + Level 0.7 Translocations
 + Level 0.7 Transmutations
 + Level 0.7 Fire Magic
 + Level 0.7 Ice Magic
 + Level 0.7 Air Magic
 + Level 0.7 Earth Magic
 + Level 0.7 Poison Magic
 + Level 4.6 Invocations
 + Level 1.0 Evocations


You had 4 spell levels left.
You didn't know any spells.
Your spell library was empty.

Dungeon Overview and Level Annotations

Branches:
Dungeon (2/15)

Altars:


Innate Abilities, Weirdness & Mutations

Your experience applies equally to all skills.
You have very sharp teeth.
Your uncanny sense of smell can sniff out nearby items.


Message History

The adder is too close now for your liking.
You thump the adder!
The adder is almost dead.
The adder barely misses you. The adder closely misses you.
You hit the adder.
You kill the adder!
Lugonu accepts your kill.
No target in view!
You open the door.
There is an open door here.
All of the chunks of flesh in your inventory have rotted away.
A bat and a rat come into view.
The bat misses you.
Found a stone staircase leading down.
You hit the bat.
The bat is severely wounded.
The bat hits you.
You barely miss the bat.
The bat is severely wounded.
The bat barely misses you.
You barely miss the bat.
The bat is severely wounded.
The bat hits you but does no damage. The bat hits you.
Throwing (i - inventory)
j - 35 stones (quivered)
Press: ? - help, Shift-Dir - straight line, f - bat
Aim: a bat (severely wounded)
You throw a stone. The stone closely misses the bat.
The bat barely misses you.
Throwing (i - inventory)
j - 34 stones (quivered)
Press: ? - help, Shift-Dir - straight line, f/p - bat
Aim: a bat (severely wounded)
Okay, then.
You barely miss the bat.
The bat is severely wounded.
The bat closely misses you.
A frilled lizard comes into view.
The bat hits you but does no damage. You block the rat's attack.
Found 2 bubbling cyan potions.
You sock the rat!
You kill the rat!
Lugonu accepts your kill.
A hobgoblin comes into view.
You block the bat's attack.
The hobgoblin shouts!
You sock the bat!
You kill the bat!
Lugonu accepts your kill.
A worm comes into view.
The frilled lizard hisses angrily.
You hit the hobgoblin. Your bite misses the hobgoblin.
The hobgoblin is almost dead.
An ice beast comes into view.
The hobgoblin drinks a potion.
The hobgoblin seems to speed up.
A rat comes into view.
You hit the hobgoblin.
You kill the hobgoblin!
Lugonu accepts your kill.
Your Short Blades skill increases to level 1!
Your Long Blades skill increases to level 1!
Your Axes skill increases to level 1!
Your Polearms skill increases to level 1!
Your Staves skill increases to level 1!
Your Slings skill increases to level 1!
Your Bows skill increases to level 1!
Your Crossbows skill increases to level 1!
Your Throwing skill increases to level 1!
Your Stealth skill increases to level 1!
Your Shields skill increases to level 1!
Your Unarmed Combat skill increases to level 1!
Your Spellcasting skill increases to level 1!
Your Evocations skill increases to level 1!
You sock the frilled lizard!
You kill the frilled lizard!
Lugonu accepts your kill.
You sock the rat!
You kill the rat!
Lugonu accepts your kill.
The ice beast hits you but does no damage.
You see here 2 bubbling cyan potions.
You closely miss the ice beast. The ice beast hits you.
The ice beast freezes you!
You are too injured to fight recklessly!
You are too injured to fight recklessly!
You are too injured to fight recklessly!
You are too injured to fight recklessly!
You are too injured to fight recklessly!
You are too injured to fight recklessly!
You are too injured to fight recklessly!
You are too injured to fight recklessly!
You are too injured to fight recklessly!
You are too injured to fight recklessly!
You are too injured to fight recklessly!
You are too injured to fight recklessly!
You barely miss the ice beast. The ice beast hits you.
The ice beast freezes you!
* * * LOW HITPOINT WARNING * * *
The worm bites you.
* * * LOW HITPOINT WARNING * * *
The ice beast hits you.
* * * LOW HITPOINT WARNING * * *
The ice beast freezes you!
You die...

# ....... ### ####
....... #.. ..## .......
#.# #.## .......## #.#
#.## .........
..#.####.##
........###..###....#'##
#.....Y.....#....#.....
#..w@# #.##.#.....
#.#....######.##.#.....
#(....†................
##.####.##########.####
.. .... .... . ## ###.##
###.#### ∆ .>. .. .. ###
#. #.


You could see an ice beast and a worm.

Vanquished Creatures
  An adder (D:2)
  A worm (D:2)
  3 dart slugs (D:1)
  4 leopard geckos
  2 giant cockroaches (D:1)
  4 goblins (D:1)
  4 hobgoblins
  A jackal (D:2)
  3 kobolds (D:1)
  5 bats
  A frilled lizard (D:2)
  3 rats (D:2)
32 creatures vanquished.

Notes
Turn   | Place    | Note
-------+----------+-------------------------------------------
     0 | Abyss:1  | MisterOstroum the Gnoll Abyssal Knight began the quest for
                  | the Orb.
     0 | Abyss:1  | Reached XP level 1. HP: 23/23 MP: 3/3
    47 | Abyss:1  | Noticed a thrashing horror
    48 | D:1      | Escaped the Abyss
   282 | D:1      | Reached XP level 2. HP: 29/29 MP: 5/5
   390 | D:1      | Reached * piety under Lugonu
   816 | D:1      | Reached XP level 3. HP: 35/35 MP: 6/6
  1628 | D:2      | Noticed an ice beast
  1629 | D:2      | Reached skill level 1 in Short Blades
  1629 | D:2      | Reached skill level 1 in Long Blades
  1629 | D:2      | Reached skill level 1 in Axes
  1629 | D:2      | Reached skill level 1 in Polearms
  1629 | D:2      | Reached skill level 1 in Staves
  1629 | D:2      | Reached skill level 1 in Slings
  1629 | D:2      | Reached skill level 1 in Bows
  1629 | D:2      | Reached skill level 1 in Crossbows
  1629 | D:2      | Reached skill level 1 in Throwing
  1629 | D:2      | Reached skill level 1 in Stealth
  1629 | D:2      | Reached skill level 1 in Shields
  1629 | D:2      | Reached skill level 1 in Unarmed Combat
  1629 | D:2      | Reached skill level 1 in Spellcasting
  1629 | D:2      | Reached skill level 1 in Evocations
  1635 | D:2      | Slain by an ice beast

Skill      XL: |  1  2  3 |
---------------+----------+-----
Short Blades   | 1 |  1.0
Long Blades    | 1 |  1.0
Axes           | 1 |  1.0
Polearms       | 1 |  1.0
Staves         | 1 |  1.0
Slings         | 1 |  1.0
Bows           | 1 |  1.0
Crossbows      | 1 |  1.0
Throwing       | 1 |  1.0
Stealth        | 1 |  1.0
Shields        | 1 |  1.0
Unarmed Combat | 1 |  1.0
Spellcasting   | 1 |  1.0
Evocations     | 1 |  1.0
Fighting       | |  6.5
Maces & Flails | |  4.6
Armour         | |  4.6
Dodging        | |  2.6
Conjurations   | |  0.7
Hexes          | |  0.7
Charms         | |  0.7
Summonings     | |  0.7
Necromancy     | |  0.7
Translocations | |  0.7
Transmutations | |  0.7
Fire Magic     | |  0.7
Ice Magic      | |  0.7
Air Magic      | |  0.7
Earth Magic    | |  0.7
Poison Magic   | |  0.7
Invocations    | |  4.6

Action                   || total
-------------------------++-------
Melee: Mace              ||    92
       Bite              ||     6
Throw: Stone             ||    12
Invok: Depart the Abyss  ||     1
 Stab: Sleeping          ||     2
  Eat: Chunk             ||     2
Armor: Leather armour    ||    16
Dodge: Dodged            ||    55
Block: Other             ||     2
